 Dungeon Crawl Stone Soup version 0.17-a0-2217-ga280b8d (webtiles) character file.

1864 Arkorax the Fighter (level 9, -3/86 HPs)
             Began as a Hill Orc Gladiator on Oct 28, 2015.
             Was a Follower of Zin.
             Slain by an orc warrior
             ... wielding a +0 war axe
              (17 damage)
             ... on level 6 of the Dungeon.
             The game lasted 00:18:48 (8067 turns).

Arkorax the Fighter (Hill Orc Gladiator)            Turns: 8067, Time: 00:18:48

Health: -3/86      AC:  9    Str: 21    XL:     9   Next: 13%
Magic:  9/9        EV: 10    Int:  8    God:    Zin [*.....]
Gold:   264        SH:  0    Dex: 11    Spells: 0 memorised, 8 levels left

rFire  + . .     SeeInvis .     a - +0 war axe
rCold  . . .     Clarity  .     D - +0 scale mail (curse)
rNeg   . . .     SustAt   .     (no shield)
rPois  .         Gourm    +     c - +0 helmet
rElec  .         Spirit   .     (no cloak)
rCorr  .         Warding  .     y - +0 pair of gloves
rMut   .         Stasis   .     J - +0 pair of boots
MR     .....                    i - amulet of the gourmand
Stlth  ..........               n - ring of protection from cold
                                m - ring of fire

@: flying, not resistant to hostile enchantments, extremely unstealthy
A: no striking features
a: Recite, Donate Gold, Renounce Religion


You were on level 6 of the Dungeon.
You worshipped Zin.
Zin was aware of your devotion.
You were not hungry.

You visited 1 branch of the dungeon, and saw 6 of its levels.

You collected 293 gold pieces.
You donated 29 gold pieces to Zin.

Inventory:

Hand Weapons
 a - a +0 war axe (weapon)
Missiles
 d - a throwing net (quivered)
 B - 11 tomahawks
Armour
 b - a +0 leather armour
 c - a +0 helmet (worn)
 p - a +0 chain mail
 x - a +0 ring mail
 y - a +0 pair of gloves (worn)
 C - a +0 buckler
 D - a cursed +0 scale mail (worn)
 J - a +0 pair of boots (worn)
Jewellery
 i - an amulet of the gourmand (around neck)
 m - a ring of fire (left hand)
 n - a ring of protection from cold (right hand)
 G - an uncursed ring of positive energy {unknown}
Scrolls
 f - a scroll of magic mapping {unknown}
 g - 3 scrolls of teleportation
 j - 2 scrolls of blinking {unknown}
 k - 2 scrolls of random uselessness {unknown}
 o - a scroll of fear {unknown}
 s - 2 scrolls of remove curse {unknown}
 t - 4 scrolls of identify {unknown}
 u - a scroll of enchant armour {unknown}
 w - a scroll of noise {unknown}
 z - 3 scrolls of recharging {unknown}
 I - a scroll of acquirement {unknown}
Potions
 h - a potion of curing
 l - 2 potions of might {unknown}
 v - 3 potions of flight
 E - a potion of agility {unknown}
 F - a potion of beneficial mutation {unknown}
 H - 2 potions of heal wounds {unknown}
 K - a potion of lignification {unknown}
Books
 q - a book of Battle

   Spells                             Type                      Level
   a - Infusion                       Charms                       1
   b - Shroud of Golubria             Charms/Translocation         2
   c - Song of Slaying                Charms                       2
   d - Spectral Weapon                Hexes/Charms                 3
   e - Regeneration                   Charms/Necromancy            3
Comestibles
 e - a bread ration
 r - 2 meat rations
 A - 7 fruits
 L - a beef jerky


   Skills:
 * Level 10.7 Fighting
 + Level 10.3 Axes
 - Level 1.7 Throwing
 - Level 1.0 Armour
 - Level 2.4 Dodging


You had 8 spell levels left.
You didn't know any spells.

Dungeon Overview and Level Annotations

Branches:
Dungeon (6/15)
 Temple: D:4-7

Altars:
Dithmenos
Elyvilon
Fedhas
Makhleb
Ru
Sif Muna
Xom
Zin
The Shining One

Annotations:
D:2 1 exclusion


Message History

You fly up into the air.
Something hits you but does no damage. Something hits you but does no damage.
The orc warrior hits you with a war axe!
* * * LOW HITPOINT WARNING * * *
Drink which item? (? for menu, Esc to quit)
You feel better. Something hits you but does no damage.
You slash something!
Reactivating autopickup.
You feel a bit more experienced.
You hit the orc warrior.
The orc warrior is almost dead.
The orc warrior hits you with a war axe.
* * * LOW HITPOINT WARNING * * *
You closely miss the orc.
You hit the orc warrior but do no damage.
The orc warrior is almost dead.
The orc warrior completely misses you. The orc hits you but does no damage.
Drink which item? (? for menu, Esc to quit)
You feel better.
The orc warrior hits you with a war axe!
You die...

#..##.##.[
#####.##.##..
##..##'##.....
#...'.........
#######.##.##.#...
#.#..##'#########.
#........# #..
#oo...†..# #..
#@##.##.#### #..
#+##'##....# #..
+.......## #..
#####....# ##.
#o#### ##
#oooo....#
##########


You could see an orc warrior and an orc.

Vanquished Creatures
  The ghost of mess the Ruffian, an amateur DrTm (D:4)
  Grinder (D:2)
  3 ogres
  2 centaurs
  A giant frog (D:6)
  A scorpion (D:4)
  A centaur zombie (D:6)
  A crimson imp (D:5)
  3 hounds
  A centaur skeleton (D:6)
  2 orc wizards
  4 jellies
  2 worker ants (D:6)
  3 orc priests
  2 iguanas (D:5)
  2 hound skeletons
  14 gnolls
  6 adders
  3 oozes
  An adder skeleton (D:4)
  2 worms (D:3)
  5 giant geckos
  17 orcs
  10 bats
  5 giant cockroaches
  8 goblins
  9 hobgoblins
  13 jackals
  3 quokkas
  10 giant newts
  15 kobolds
  A quokka skeleton (D:5)
  12 rats
164 creatures vanquished.

Notes
Turn   | Place    | Note
--------------------------------------------------------------
     0 | D:1      | Arkorax the Hill Orc Gladiator began the quest for the Orb.
     0 | D:1      | Reached XP level 1. HP: 18/18 MP: 1/1
    44 | D:1      | Reached XP level 2. HP: 1/25 MP: 2/2
   589 | D:1      | Reached skill level 1 in Armour
   609 | D:1      | Reached XP level 3. HP: 27/31 MP: 3/3
   864 | D:1      | Reached skill level 5 in Axes
  1113 | D:2      | Reached XP level 4. HP: 32/39 MP: 4/4
  1499 | D:2      | Reached XP level 5. HP: 36/46 MP: 5/5
  1501 | D:2      | Paralysed by a gnoll for 2 turns
  1606 | D:2      | Found a shimmering altar of Xom.
  1833 | D:2      | Reached skill level 6 in Axes
  2140 | D:3      | Noticed Grinder
  2158 | D:2      | Killed Grinder
  2158 | D:2      | Reached skill level 7 in Axes
  2158 | D:2      | Reached XP level 6. HP: 11/57 MP: 6/6
  2518 | D:3      | Found a deep blue altar of Sif Muna.
  2918 | D:3      | Reached XP level 7. HP: 54/64 MP: 7/7
  3075 | D:4      | Noticed mess's ghost (amateur DrTm)
  4413 | D:4      | Found a shadowy altar of Dithmenos.
  4654 | D:4      | Killed mess's ghost
  4654 | D:4      | Reached skill level 8 in Fighting
  4901 | D:4      | Found a blossoming altar of Fedhas.
  4965 | D:4      | Reached XP level 8. HP: 74/74 MP: 8/8
  5393 | D:5      | Entered Level 5 of the Dungeon
  6010 | D:5      | Reached skill level 9 in Fighting
  6625 | D:5      | Found a burning altar of Makhleb.
  6626 | D:5      | Noticed a green death
  7394 | D:6      | Reached skill level 10 in Fighting
  7517 | D:6      | Found a sacrificial altar of Ru.
  7518 | D:6      | Found a glowing golden altar of the Shining One.
  7519 | D:6      | Found a white marble altar of Elyvilon.
  7899 | D:6      | Found a glowing silver altar of Zin.
  7910 | D:6      | Reached skill level 10 in Axes
  7910 | D:6      | Reached XP level 9. HP: 74/86 MP: 9/9
  7923 | D:6      | Became a worshipper of Zin the Law-Giver
  7923 | D:6      | Reached * piety under Zin
  8067 | D:6      | Slain by an orc warrior

Vault maps used:
D:1:      minmay_arrival_semitransparent, minmay_newt_pond
D:2:      tgw_xom
D:3:      led_sif_pool, first_bread, uniq_grinder
D:4:      nicolae_dithmenos_shadow_blocks, minmay_misc_feat_cross,
          fedhas_altar_fruit_tree
D:5:      makhleb_altar_promises_db
D:6:      nicolae_overflow_hidden_temple, lemuel_round_altar

Action                   |  1- 3 |  4- 6 |  7- 9 || total
-------------------------+-------+-------+-------++-------
Melee: War axe           |   129 |   148 |   340 ||   617
Throw: Throwing net      |       |       |     2 ||     2
  Use: Scroll            |       |     2 |       ||     2
       Potion            |       |       |     5 ||     5
 Stab: Held in net/web   |       |       |     1 ||     1
  Eat: Chunk             |     1 |     6 |     5 ||    12
       Bread ration      |       |       |     3 ||     3
